 Dungeon Crawl Stone Soup version 0.20-a0-433-g9e36e56 (webtiles) character file.

25043 Faca the Blocker (level 13, -11/109 HPs)
             Began as a Formicid Fighter on Jan 2, 2017.
             Was the Champion of Okawaru.
             Mangled by a two-headed ogre
             ... wielding a +0 giant spiked club
              (21 damage)
             ... on level 11 of the Dungeon on Jan 3, 2017.
             The game lasted 00:55:42 (13493 turns).

Faca the Blocker (Formicid Fighter)                Turns: 13493, Time: 00:55:43

Health: -11/109    AC: 26    Str: 29    XL:     13   Next: 47%
Magic:  13/13      EV: 10    Int:  7    God:    Okawaru [******]
Gold:   1459       SH: 15    Dex: 21    Spells: 12/12 levels left

rFire  . . .     SeeInvis +     x - +4 great sword
rCold  + + +     Gourm    .     I - +8 scale mail "Jiwoxeru" {rC+ Dex+2}
rNeg   . . .     Faith    .     c - +0 shield
rPois  .         Spirit   .     (helmet unavailable)
rElec  +         Reflect  .     (no cloak)
rCorr  .         Harm     .     o - +2 pair of gloves of Patterns {rElec rC++ Str+6}
MR     +....                    (no boots)
Stlth  ..........               (no amulet)
                                y - +5 ring of dexterity
                                s - +6 ring of protection

@: very slightly contaminated, studying Dodging
A: permanent stasis, dig shafts and tunnels, four strong arms, antennae 3
a: Dig, Shaft Self, Heroism, Finesse, Renounce Religion


You were on level 11 of the Dungeon.
You worshipped Okawaru.
Okawaru was exalted by your worship.
You were not hungry.

You visited 1 branch of the dungeon, and saw 12 of its levels.
You also visited: Labyrinth and Bailey.

You collected 1459 gold pieces.

Inventory:

Hand Weapons
 w - a +5 long sword of freezing
 x - a +4 great sword (weapon)
Armour
 c - a +0 shield (worn)
 o - the +2 pair of gloves of Patterns (worn) {rElec rC++ Str+6}
   (You found it on level 4 of the Dungeon)

   It affects your strength (+6).
   It greatly protects you from cold.
   It insulates you from electricity.
 I - the +8 scale mail "Jiwoxeru" (worn) {rC+ Dex+2}
   (You found it in a labyrinth)

   It affects your dexterity (+2).
   It protects you from cold.
Jewellery
 d - an uncursed ring of flight
 s - a +6 ring of protection (left hand)
 t - the ring of Dueghu {rPois rF+ Str+3}
   (You found it in a labyrinth)

   [ring of strength]

   It affects your strength (+3).
   It protects you from fire.
   It protects you from poison.
 y - a +5 ring of dexterity (right hand)
Wands
 a - a wand of clouds (4/9)
 e - a wand of disintegration (10/24)
 g - a wand of enslavement (19/24)
 B - a wand of confusion (29/48)
 D - a wand of flame (24/48)
 F - a wand of digging (11/24)
 H - a wand of flame (27/48)
Scrolls
 f - a scroll of remove curse
 m - a scroll of magic mapping
 q - a scroll of fear
 r - a scroll of recharging
Potions
 b - 4 potions of invisibility
 h - a potion of resistance {unknown}
 i - 3 potions of flight
 j - 3 potions of ambrosia
 k - a potion of curing
 l - a potion of mutation {unknown}
 p - 2 potions of lignification
 u - a potion of magic {unknown}
 v - a potion of cancellation
 z - a potion of brilliance
 A - a potion of cure mutation
Books
 E - a manual of Dodging
Miscellaneous
 K - 2 boxes of beasts
 L - a lightning rod (4/4)
Comestibles
 n - a beef jerky


   Skills:
 + Level 12.3 Fighting
 + Level 11.0 Long Blades
 + Level 12.2 Armour
 + Level 13.4 Shields


You had 12 spell levels left.
You didn't know any spells.

Dungeon Overview and Level Annotations

Branches:
Dungeon (12/15)            Temple (0/1) D:7            Lair (0/6) D:10
    Orc (0/2) D:12

Altars:
Dithmenos
Elyvilon
Fedhas
Kikubaaqudgha
Makhleb
Nemelex Xobeh
Okawaru
Sif Muna
Trog
Vehumet
Xom
Zin

Annotations:
D:11 4 runed doors


Innate Abilities, Weirdness & Mutations

You cannot be hasted, slowed, berserked, paralysed or teleported.
You can dig through walls and to a lower floor.
Your four strong arms can wield two-handed weapons with a shield.
You have a pair of large antennae on your head. (SInv)


Message History

You see here a poisoned needle.
The kobold shouts!
There is a stone staircase leading up here.
The kobold hits you but does no damage.
You climb upwards.
Level annotation: 4 runed doors The two-headed ogre shouts in stereo!
You block the two-headed ogre's attack.
The two-headed ogre hits you but does no damage.
There is a stone staircase leading down here.
You slice the two-headed ogre!!
The two-headed ogre is heavily wounded.
The kobold barely misses you.
The two-headed ogre hits you with a giant spiked club!
* * * LOW HITPOINT WARNING * * *
You block the two-headed ogre's attack. The kobold hits you but does no damage.
You closely miss the two-headed ogre.
The two-headed ogre is heavily wounded.
The two-headed ogre hits you with a giant spiked club!!
You die...

#################################
..)(<...........OK...............
..###...........@...........##..#
..# #.......##..####..####..##..#
..# #.......##..# #..# #..##..#
..# #..>....##..# #..# #..##..#
..# #.......##..# #..####..##..#
..###.......##..####............#
.................................
...##.............##########.....
...##.......##...............##..


You could see a two-headed ogre and a kobold.

Vanquished Creatures
  Rupert (D:12)
  A minotaur (Lab)
  The ghost of Vinniefish the Grappler, a novice TrMo of Yredelemnul (Bailey)
  2 death knights
  A centaur warrior (D:10)
  3 two-headed ogres
  Sonja (D:10)
  Nergalle (D:11)
  A manticore (D:11)
  2 ugly things (D:11)
  A gargoyle (D:10)
  A komodo dragon (D:11)
  2 kobold demonologists (D:11)
  2 freezing wraiths (D:10)
  2 trolls
  A hornet (D:11)
  Grinder (D:5)
  4 hippogriffs
  2 redbacks (Lab)
  10 yaks
  A vampire (D:11)
  A shadow (D:12)
  A wyvern (D:9)
  5 wraiths
  A basilisk (D:12)
  A hungry ghost (D:10)
  A water moccasin (D:12)
  Duvessa (D:5)
  An ice beast (D:10)
  2 sky beasts
  3 necrophages
  8 orc warriors
  6 ogres
  10 centaurs
  3 big kobolds
  14 bullfrogs
  Dowan (D:5)
  A water moccasin zombie (D:7)
  12 scorpions
  18 killer bees
  19 wights
  3 howler monkeys
  3 centaur zombies
  6 crimson imps
  3 bullfrog zombies
  8 hounds
  4 jellies
  2 quasits
  7 orc priests
  4 centaur skeletons
  2 bullfrog skeletons
  2 iguanas
  13 orc wizards
  6 worker ants
  A hound zombie (D:8)
  2 hound skeletons
  A worker ant zombie (D:9)
  6 gnolls
  8 adders
  3 shadow imps
  2 adder zombies
  An adder skeleton (D:4)
  4 worms
  5 leopard geckos
  46 orcs
  4 giant cockroaches
  10 hobgoblins
  5 jackals (D:2)
  33 kobolds
  5 quokkas
  A ball python (D:2)
  5 bats
  8 frilled lizards
  11 goblins
  A leopard gecko skeleton (D:6)
  A quokka skeleton (D:9)
  8 rats
  A plant (D:10)
385 creatures vanquished.

Notes
Turn   | Place    | Note
-------+----------+-------------------------------------------
     0 | D:1      | Faca the Formicid Fighter began the quest for the Orb.
     0 | D:1      | Reached XP level 1. HP: 18/18 MP: 1/1
    44 | D:1      | Found a sparkling altar of Nemelex Xobeh.
   150 | D:1      | Reached XP level 2. HP: 24/24 MP: 2/2
   417 | D:1      | You fall through a shaft!
   665 | D:1      | Reached XP level 3. HP: 29/29 MP: 3/3
  1014 | D:2      | Found a blossoming altar of Fedhas.
  1641 | D:2      | Reached XP level 4. HP: 35/37 MP: 4/4
  1818 | D:2      | Reached skill level 4 in Shields
  2248 | D:3      | Found a shadowy altar of Dithmenos.
  2308 | D:3      | Found a shimmering altar of Xom.
  2430 | D:3      | Reached XP level 5. HP: 38/42 MP: 5/5
  2903 | D:4      | Reached XP level 6. HP: 49/49 MP: 6/6
  2989 | D:4      | Got a pair of scorched gloves
  2995 | D:4      | Identified the +2 pair of gloves of Patterns {rElec rC++ Str+6} (You found it on level 4 of the Dungeon)
  3031 | D:4      | Found a radiant altar of Vehumet.
  3221 | D:4      | Reached skill level 5 in Shields
  3401 | D:5      | Entered Level 5 of the Dungeon
  3428 | D:5      | Got a faintly glowing ring mail
  3439 | D:5      | Identified the +2 ring mail "Woky" {MR+ Str+2} (You found it on level 5 of the Dungeon)
  3618 | D:5      | Reached skill level 5 in Fighting
  3618 | D:5      | Reached skill level 5 in Armour
  3646 | D:5      | Reached XP level 7. HP: 52/56 MP: 7/7
  3790 | D:5      | Noticed Grinder
  3797 | D:5      | Killed Grinder
  4011 | D:5      | Noticed Duvessa
  4011 | D:5      | Noticed Dowan
  4041 | D:5      | Killed Duvessa
  4041 | D:5      | Reached skill level 6 in Shields
  4041 | D:5      | Reached XP level 8. HP: 61/64 MP: 8/8
  4067 | D:5      | Killed Dowan
  4469 | D:6      | Found a deep blue altar of Sif Muna.
  4495 | D:6      | Reached skill level 5 in Long Blades
  4606 | D:6      | Noticed a two-headed ogre
  4621 | D:6      | Killed a two-headed ogre
  4621 | D:6      | Reached skill level 7 in Shields
  4621 | D:6      | Reached XP level 9. HP: 60/72 MP: 9/9
  4930 | D:6      | Reached skill level 8 in Shields
  5408 | D:6      | Found an iron altar of Okawaru.
  5408 | D:6      | Found an ancient bone altar of Kikubaaqudgha.
  5413 | D:6      | Became a worshipper of Warmaster Okawaru
  5681 | D:7      | Found a staircase to the Ecumenical Temple.
  5731 | D:7      | Reached * piety under Okawaru
  5733 | D:7      | Reached XP level 10. HP: 80/80 MP: 10/10
  5970 | D:7      | Reached skill level 9 in Shields
  6324 | D:7      | Found a glowing silver altar of Zin.
  6468 | D:8      | Reached ** piety under Okawaru
  6756 | D:8      | Noticed a two-headed ogre
  6765 | D:8      | Killed a two-headed ogre
  6826 | D:8      | Reached *** piety under Okawaru
  6849 | D:8      | Reached skill level 10 in Shields
  6949 | D:8      | Found a flagged portal.
  6954 | Bailey   | Entered a bailey
  7133 | Bailey   | Noticed Vinniefish's ghost (novice TrMo)
  7152 | Bailey   | Killed Vinniefish's ghost
  7152 | Bailey   | Reached XP level 11. HP: 41/89 MP: 9/11
  7456 | Bailey   | Reached **** piety under Okawaru
  7598 | Bailey   | Found an iron altar of Okawaru.
  7744 | D:8      | Noticed a two-headed ogre
  7758 | D:8      | Killed a two-headed ogre
  8119 | D:8      | Noticed a moth of wrath
  8123 | D:8      | Found a bloodstained altar of Trog.
  8329 | D:8      | Found a shimmering altar of Xom.
  8330 | D:8      | Found a burning altar of Makhleb.
  8445 | D:9      | Found a white marble altar of Elyvilon.
  8722 | D:9      | Reached skill level 11 in Shields
  9022 | D:9      | Reached skill level 10 in Armour
  9390 | D:9      | Reached skill level 10 in Fighting
  9420 | D:9      | Reached ***** piety under Okawaru
  9688 | D:10     | Entered Level 10 of the Dungeon
  9688 | D:10     | Noticed a centaur warrior
  9696 | D:10     | Killed a centaur warrior
  9738 | D:10     | Noticed a death knight
 10391 | D:10     | Killed a death knight
 10391 | D:10     | Reached XP level 12. HP: 72/98 MP: 12/12
 10580 | D:10     | Found a staircase to the Lair.
 10739 | D:10     | Noticed Sonja
 10788 | D:10     | Killed Sonja
 11279 | D:10     | Received a gift from Okawaru
 11516 | D:11     | Found a labyrinth entrance.
 11527 | D:11     | Reached skill level 12 in Shields
 11549 | Lab      | Entered a labyrinth
 11668 | Lab      | Noticed a minotaur
 11675 | Lab      | Killed a minotaur
 11683 | Lab      | Got a vibrating marble ring
 11684 | Lab      | Got a scorched scale mail
 11902 | D:11     | Identified the +8 scale mail "Jiwoxeru" {rC+ Dex+2} (You found it in a labyrinth)
 11944 | D:11     | Identified the ring of Dueghu {rPois rF+ Str+3} (You found it in a labyrinth)
 12094 | D:11     | Noticed a sixfirhy
 12370 | D:11     | Reached skill level 10 in Long Blades
 12421 | D:11     | Noticed Nergalle
 12565 | D:11     | Found a huge runed gate.
 12565 | D:11     | Found a huge runed gate.
 12566 | D:11     | Found a huge runed gate.
 12567 | D:11     | Found a huge runed gate.
 12675 | D:11     | Noticed a death knight
 12723 | D:10     | Upgraded the game from 0.20-a0-432-g25cc1b4 to 0.20-a0-433-g9e36e56
 12730 | D:10     | Reached ****** piety under Okawaru
 12737 | D:11     | Killed a death knight
 12763 | D:11     | Reached XP level 13. HP: 103/107 MP: 13/13
 12967 | D:11     | Received a gift from Okawaru
 12972 | D:11     | Killed Nergalle
 13166 | D:12     | Reached skill level 13 in Shields
 13257 | D:12     | Found a staircase to the Orcish Mines.
 13439 | D:12     | Noticed Rupert
 13473 | D:12     | Killed Rupert
 13493 | D:11     | Mangled by a two-headed ogre

Vault maps used:
D:1:      scummos_arrival_simple_fountains, minmay_misc_feat_tiny,
          nemelex_xobeh_ov_fountains_minmay
D:2:      lemuel_crystal_altar, minmay_ruptured
D:3:      lemuel_crystal_altar, led_xom_imps
D:4:      overflow_temple_1_default, first_bread
D:5:      columned_hall_lemuel, uniq_grinder, uniq_duvessa
D:6:      gammafunk_temple_overflow_statue, lemuel_blue_sif_altar, centaur_isle
D:7:      nicolae_whirlpool, zin_treasury
D:8:      grunt_temple_overflow_champion_of_chaos, tgw_trog, enter_bailey_3
D:9:      lemuel_crystal_altar
D:10:     dpeg_oklobed_lair, uniq_sonja
D:11:     lemuel_bear_cage, lab_entry_generic, uniq_nergalle
D:12:     hiddenorc1_lemuel, uniq_rupert
Lab:      labyrinth_mini_lab, nicolae_lab_very_dead_end, labyrinth_glass_1,
          nicolae_lab_t_cross, lab_fountain, nicolae_lab_grate_2, lab_statue,
          nicolae_lab_arrow, nicolae_lab_blocks
Bailey:   bailey_axe_3, bailey

Skill      XL: |  1  2  3  4  5  6  7  8  9 10 11 12 13 |
---------------+----------------------------------------+-----
Armour         | 4 5 6 7 9 10 11 12 | 12.2
Fighting       | 4 5 7 8 9 10 11 12 | 12.3
Shields        | 4 5 6 7 8 10 11 12 13 | 13.4
Long Blades    | 3 4 5 6 8 9 10 11 | 11.0

Action                   |  1- 3 |  4- 6 |  7- 9 | 10-12 | 13-15 || total
-------------------------+-------+-------+-------+-------+-------++-------
Melee: Long sword        |   134 |   265 |   186 |       |       ||   585
       Great sword       |       |       |    47 |   590 |   175 ||   812
Throw: Tomahawk          |       |       |       |    13 |       ||    13
Invok: Heroism           |       |       |       |     1 |     1 ||     2
 Abil: Dig               |       |       |       |     4 |       ||     4
  Use: Scroll            |     7 |     3 |     2 |    11 |     1 ||    24
       Potion            |       |       |       |     8 |     1 ||     9
 Stab: Invisible         |       |       |       |       |     1 ||     1
  Eat: Bread ration      |     1 |       |     1 |     2 |       ||     4
       Meat ration       |       |     1 |     1 |     3 |       ||     5
       Fruit             |       |       |       |     3 |       ||     3
       Chunk             |       |       |       |     2 |       ||     2
Armor: Scale mail        |    17 |       |       |    54 |    74 ||   145
       Chain mail        |    48 |   139 |       |       |       ||   187
       Ring mail         |       |    30 |    57 |    81 |       ||   168
       Plate armour      |       |       |       |   196 |       ||   196
Dodge: Dodged            |    40 |    78 |    56 |   223 |    53 ||   450
Block: Shield            |    83 |   161 |   153 |   613 |   123 ||  1133
       Rpst.: Long sword |    18 |    19 |    11 |       |       ||    48
       Great sword       |       |       |     2 |    65 |    16 ||    83
